details: 'Replay_2008_10_01_1416'

« prev index next »

General information

Mini Map

Players

team 1
HumanNickNormal (green | 148 APM | 1104 actions | 07:27)
Hero icon 2 Archmage
Ability icon 1 Summon Water Elemental
Ability icon 1 Brilliance Aura

» actions
Assign group hotkey27
Basic commands21
Build / train43
ESC pressed2
Enter build submenu14
Enter hero's abilities submenu2
Right click281
Select / deselect147
Select group hotkey508
Use ability59
1104 total
» units
Peasant12
Footman13
25 total
» buildings
Farm5
Altar of Kings1
Barracks1
Lumber Mill1
Town Hall2
Scout Tower4
Guard Tower10
Arcane Tower2
Keep2
28 total
» build order
00:07 Farm
00:11 Altar of Kings
00:35 Barracks
00:51 Farm
01:32 Farm
02:35 Lumber Mill
03:34 Town Hall
03:35 Scout Tower
03:37 Scout Tower
03:45 Town Hall
03:48 Scout Tower
03:49 Scout Tower
04:03 Farm
04:33 Guard Tower
04:33 Guard Tower
04:34 Guard Tower
04:34 Guard Tower
04:50 Arcane Tower
04:51 Arcane Tower
04:52 Guard Tower
04:52 Guard Tower
05:26 Keep
06:52 Farm
07:02 Guard Tower
team 2
HumanSpace.jaM (purple | 134 APM | 999 actions | 07:28)
Hero icon 4 Mountain King
Ability icon 2 Storm Bolt
Ability icon 2 Bash

» actions
Assign group hotkey20
Basic commands143
Build / train33
Enter build submenu12
Enter hero's abilities submenu4
Right click388
Select / deselect137
Select group hotkey242
Use ability20
999 total
» units
Peasant16
Footman11
27 total
» buildings
Altar of Kings1
Farm4
Barracks1
Lumber Mill1
Arcane Vault1
Scout Tower2
Keep1
11 total
» build order
00:05 Altar of Kings
00:17 Farm
00:20 Barracks
00:49 Farm
01:33 Farm
02:49 Lumber Mill
03:51 Farm
05:17 Arcane Vault
05:24 Scout Tower
05:25 Scout Tower
06:52 Keep